 Dungeon Crawl Stone Soup version bcrawl-1.28.4 (webtiles) character file.

Game seed: 12221427141737799848

109653 Morbidden the Ducker (level 4, -2/37 HPs)
             Began as a Hill Orc Archaeologist on Jan 4, 2021.
             Slain by an orc warrior
             ... wielding a +0 long sword
              (5 damage)
             ... on level 3 of the Dungeon.
             The game lasted 00:03:56 (1919 turns).

Morbidden the Ducker (Hill Orc Archaeologist)       Turns: 1919, Time: 00:03:57

Health: -2/37      AC: 13    Str: 11 (14) XL:     4   Next: 10%
Magic:  4/4        EV:  2    Int: 13 (14) God:
Gold:   87         SH:  0    Dex:  7 (9)  Spells: 3/3 levels left

rFire    . . .     SeeInvis .   a - +0 whip
rCold    . . .     Gourm    .   (no shield)
rNeg     . . .     Faith    .   g - +0 plate armour
rPois    .         Spirit   .   d - +1 hat
rElec    .         Reflect  .   (no cloak)
rCorr    .         Harm     .   (no gloves)
MR       .....                  i - +1 pair of boots
Stlth    ..........             (no amulet)
HPRegen  0.12/turn              (no ring)
MPRegen  0.09/turn              (no ring)

@: starving
A: no striking features
a: no special abilities


You were on level 3 of the Dungeon.
You were starving.

You visited 1 branch of the dungeon, and saw 3 of its levels.

You collected 87 gold pieces.

Inventory:

Hand Weapons
 a - a +0 whip (weapon)
 b - a +0 blowgun
Missiles
 f - 6 curare-tipped needles
 n - 277 stones (quivered)
Armour
 d - a +1 hat (worn)
 g - a +0 plate armour (worn)
 i - a +1 pair of boots (worn)
Scrolls
 j - 2 scrolls of teleportation {unknown}
 k - 3 scrolls of identify
 l - 2 scrolls of remove curse {unknown}
 q - 2 scrolls of enchant armour {unknown}
 t - a scroll of noise {unknown}
 u - a scroll of blinking {unknown}
Potions
 o - a potion of lignification
Miscellaneous
 h - a dusty tome
Comestibles
 c - a chunk of flesh
 e - 3 rations {!d}


   Skills:
 * Level 2.4 Fighting
   Level 2.4 Short Blades
   Level 2.4 Long Blades
   Level 2.4 Axes
   Level 2.4 Maces & Flails
   Level 2.4 Polearms
   Level 2.4 Staves
 + Level 3.3 Dodging
 - Level 2.9 Stealth
   Level 2.4 Unarmed Combat


You had 3 spell levels left.
You didn't know any spells.
Your spell library was empty.

Dungeon Overview and Level Annotations

Branches:
Dungeon (3/12)

Altars:
Hepliaklqana
Lugonu
Okawaru
Xom
The Shining One


Message History

The giant cockroach bites you but does no damage.
You are starving!
You hit the giant cockroach.
The giant cockroach is heavily wounded.
The orc warrior hits you with a +0 long sword.
* * * LOW HITPOINT WARNING * * *
The giant cockroach bites you but does no damage.
Unknown command.
A leopard gecko comes into view.
The leopard gecko hisses angrily.
You hear an angry hiss.
The giant cockroach bites you but does no damage.
A rat comes into view.
The giant cockroach bites you but does no damage.
The giant cockroach barely misses you.
An adder comes into view.
The orc wizard mumbles some strange words.
The orc wizard flickers and vanishes!
The giant cockroach bites you but does no damage.
The orc warrior hits you with a +0 long sword.
You die...

*,***,*,,,,,,,,,,#.....
*,****...##,,...,......
*,*,,,....,,,...,......
*,*,##...#*,,.....###..
*,,,#....,,,,..........
****#...,,*,,,....###..
####..**##,,***#......
#....##≈≈####≈≈###....
#.^.o@≈l≈r≈S≈≈≈≈*#...#
#..os##≈≈####≈≈###...#
#....#**##≈≈**≈#.#.<.#
#>...#*≈≈≈≈≈≈*≈#.#...#
#{##..#≈≈≈≈∩≈*≈#......
#g##..#≈**≈≈**≈#......
#.#####≈≈****≈≈##.....
###.####≈≈≈≈≈≈≈≈≈≈#.....
#......##≈≈####≈≈##.....


You could see an orc warrior, a gnoll, an adder (wandering), an orc, a leopard
gecko, a giant cockroach and a rat.

Vanquished Creatures
  2 adders (D:2)
  2 dart slugs
  3 leopard geckos
  An orc (D:3)
  A giant cockroach (D:2)
  4 goblins
  5 hobgoblins
  2 quokkas
  3 ball pythons
  3 bats (D:1)
  3 frilled lizards
  5 kobolds
  5 rats
39 creatures vanquished.

Notes
Turn   | Place    | Note
-------+----------+-------------------------------------------
     0 | D:1      | Morbidden the Hill Orc Archaeologist began the quest for
                  | the Orb.
     0 | D:1      | Reached XP level 1. HP: 16/16 MP: 1/1
   153 | D:1      | Reached XP level 2. HP: 11/24 MP: 2/2
   776 | D:2      | Noticed an ogre
   824 | D:2      | Reached XP level 3. HP: 15/29 MP: 3/3
   829 | D:2      | Reached skill level 3 in Dodging
  1407 | D:2      | Found a hazy altar of Hepliaklqana.
  1407 | D:2      | Found a shimmering altar of Xom.
  1410 | D:2      | Found an iron altar of Okawaru.
  1412 | D:2      | Found a corrupted altar of Lugonu.
  1625 | D:2      | Found a glowing golden altar of the Shining One.
  1715 | D:3      | Noticed an orc warrior
  1849 | D:3      | Reached XP level 4. HP: 15/37 MP: 4/4
  1919 | D:3      | Slain by an orc warrior

Skill      XL: |  1  2  3 |
---------------+----------+-----
Fighting       | 2 |  2.4
Dodging        | 3 |  3.3
Short Blades   | |  2.4
Long Blades    | |  2.4
Axes           | |  2.4
Maces & Flails | |  2.4
Polearms       | |  2.4
Staves         | |  2.4
Stealth        | |  2.9
Unarmed Combat | |  2.4

Action                   |  1- 3 |  4- 6 || total
-------------------------+-------+-------++-------
Melee: Whip              |   177 |    21 ||   198
       Punch             |     1 |       ||     1
  Use: Potion            |     1 |     3 ||     4
       Scroll            |     1 |       ||     1
 Stab: Sleeping          |     5 |       ||     5
  Eat: Chunk             |     6 |       ||     6
Armor: Robe              |    56 |       ||    56
       Plate armour      |    23 |     8 ||    31
       Skin              |    12 |    15 ||    27
Dodge: Dodged            |   109 |     2 ||   111
